 Dungeon Crawl Stone Soup version 0.17.0-56-gd8de76c (webtiles) character file.

6059 gorblad the Blocker (level 10, -3/64 HPs)
             Began as a Gargoyle Fighter on Dec 5, 2015.
             Was a Priest of Okawaru.
             Slain by a red ugly thing (23 damage)
             ... on level 11 of the Dungeon.
             The game lasted 00:21:01 (9632 turns).

gorblad the Blocker (Gargoyle Fighter)              Turns: 9632, Time: 00:21:01

Health: -3/64      AC: 27    Str: 24    XL:     10   Next: 87%
Magic:  10/10      EV:  7    Int:  5    God:    Okawaru [***...]
Gold:   490        SH: 12    Dex:  9    Spells: 0 memorised, 9 levels left

rFire  . . .     SeeInvis +     a - +1 flail
rCold  + . .     Clarity  .     m - -1 plate armour
rNeg   + . .     SustAt   .     c - +0 shield
rPois  ∞         Gourm    .     O - +1 helmet
rElec  +         Spirit   .     n - +0 cloak (curse)
rCorr  .         Warding  .     i - +1 pair of gloves
rMut   .         Stasis   .     J - +0 pair of boots
MR     +....                    s - amulet "Kelizoba" {rPois rC+ Regen+ Int-3}
Stlth  ..........               w - ring of see invisible
                                f - ring of protection from magic

@: somewhat resistant to hostile enchantments, extremely unstealthy
A: negative energy resistance 1, electricity resistance, unbreathing,
petrification resistance, rot immunity, AC +7
a: Heroism, Renounce Religion


You were on level 11 of the Dungeon.
You worshipped Okawaru.
Okawaru was most pleased with you.
You were not hungry.

You visited 2 branches of the dungeon, and saw 12 of its levels.

You collected 490 gold pieces.

Inventory:

Hand Weapons
 a - a +1 flail (weapon)
 r - a +0 dire flail
Armour
 c - a +0 shield (worn)
 i - a +1 pair of gloves (worn)
 m - a -1 plate armour (worn)
 n - a cursed +0 cloak (worn)
 J - a +0 pair of boots (worn)
 O - a +1 helmet (worn)
Jewellery
 f - a ring of protection from magic (left hand)
 j - an uncursed ring of wizardry
 s - the amulet "Kelizoba" (around neck) {rPois rC+ Regen+ Int-3}
   (You found it on level 6 of the Dungeon)

   [amulet of regeneration]

   It affects your intelligence (-3).
   It protects you from cold.
   It protects you from poison.
   It increases your rate of regeneration.
 w - a ring of see invisible (right hand)
 R - an uncursed ring of positive energy {unknown}
Wands
 o - a wand of magic darts (48)
 y - a wand of magic darts (23)
 z - a wand of paralysis (12)
 D - a wand of random effects (20)
 L - a wand of digging (19)
 Q - a wand of enslavement (1)
Scrolls
 b - 5 scrolls of identify
 t - 6 scrolls of remove curse
 A - 2 scrolls of fear
 I - a scroll of recharging
Potions
 d - a potion of might
 g - 2 potions of lignification {unknown}
 h - a potion of curing
 l - 2 potions of haste {unknown}
 q - a potion of ambrosia {unknown}
 u - 3 potions of agility
 v - 2 potions of poison {unknown}
 x - 2 potions of flight {unknown}
 B - a potion of mutation {unknown}
 C - a potion of berserk rage {unknown}
 M - a potion of degeneration {unknown}
Books
 E - a book of Air

   Spells                             Type                      Level
   a - Shock                          Conjuration/Air              1
   b - Swiftness                      Charms/Air                   2
   c - Repel Missiles                 Charms/Air                   2
   d - Static Discharge               Conjuration/Air              3
   e - Lightning Bolt                 Conjuration/Air              5
 K - a book of Transfigurations

   Spells                             Type                      Level
   a - Stoneskin                      Transmutation/Earth          2
   b - Irradiate                      Conjuration/Transmutation    5
   c - Statue Form                    Transmutation/Earth          6
   d - Hydra Form                     Transmutation                6
   e - Dragon Form                    Transmutation                7
 P - a book of Maledictions

   Spells                             Type                      Level
   a - Corona                         Hexes                        1
   b - Ensorcelled Hibernation        Hexes/Ice                    2
   c - Confuse                        Hexes                        3
   d - Tukima's Dance                 Hexes                        3
   e - Dazzling Spray                 Conjuration/Hexes            3
Comestibles
 e - 5 bread rations
 k - 3 beef jerkies
 p - a meat ration
 F - 3 chunks of flesh
 G - a royal jelly
 N - 8 slices of pizza


   Skills:
 + Level 8.3 Fighting
 + Level 8.0 Maces & Flails
 + Level 8.1 Armour
 + Level 2.8 Dodging
 + Level 1.0 Stealth
 + Level 10.7 Shields


You had 9 spell levels left.
You didn't know any spells.

Dungeon Overview and Level Annotations

Branches:
Dungeon (11/15)            Temple (1/1) D:7
   Lair: D:8-11         Orc: D:9-12

Altars:
Ashenzari
Cheibriados
Dithmenos
Elyvilon
Fedhas
Gozag
Kikubaaqudgha
Makhleb
Nemelex Xobeh
Okawaru
Qazlal
Ru
Sif Muna
Trog
Vehumet
Xom
Yredelemnul
Zin
The Shining One
Beogh

Shops:
D:4 ?!:


Innate Abilities, Weirdness & Mutations

You are resistant to torment.
Your stone body is resilient (AC +7).
You are immune to poison.
You resist negative energy.
You are resistant to electric shocks.
You can survive without breathing.
You are immune to petrification.
You are immune to rotting.


Message History

You feel better. The orc wizard barely misses you. You block the orc's attack.
You block the orc's attack. The red ugly thing barely misses you.
Drink which item? (? for menu, Esc to quit)
You feel better. You block the orc wizard's attack. You block the orc's attack.
The orc hits you but does no damage.
The orc wizard hits you but does no damage.
The red ugly thing stings you but does no damage.
Drink which item? (? for menu, Esc to quit)
You feel better.
The orc wizard points at you and mumbles some strange words.
The magic dart hits you! You block the orc's attack. The orc barely misses you.
The red ugly thing stings you.
You are engulfed in flames!!
* * * LOW HITPOINT WARNING * * *
Drink which item? (? for menu, Esc to quit)
You feel better. You block the orc wizard's attack.
The orc hits you but does no damage. The orc wizard casts a spell at you.
The magic dart hits you! The red ugly thing stings you.
You are engulfed in flames!!
You die...

.......# .......# ###
#...# .......+ #..
....o .......### #..
.... .........# .. ...
########.######'#.#+##
#.#...........#
#.'.....oo....#
###...(.o@u...#
#####...##### #...#
#...+ #(..# #####


You could see a red ugly thing, an orc wizard and 2 orcs.

Vanquished Creatures
  Erolcha (D:11)
  The ghost of dvd the Chiller, a novice NaIE (D:5)
  The ghost of Denapoli the Slasher, an amateur MiFi (D:4)
  A two-headed ogre (D:11)
  A human (D:9)
  A deep elf mage (D:10)
  A hippogriff (D:7)
  A hungry ghost (D:10)
  3 phantoms
  2 orc warriors
  A soldier ant (D:10)
  2 sky beasts
  An ice beast (D:10)
  A necrophage (D:10)
  An ogre (D:9)
  A crocodile (D:10)
  3 centaurs
  3 big kobolds
  Blork the orc (D:4)
  5 giant frogs
  3 scorpions
  8 wights (D:9)
  8 killer bees
  4 crimson imps
  A jelly (D:5)
  A centaur zombie (D:7)
  4 iguanas
  4 orc priests
  7 hounds
  A centaur skeleton (D:7)
  An orc wizard (D:4)
  3 giant frog skeletons
  Terence (D:2)
  A killer bee zombie (D:9)
  7 worker ants
  2 hound skeletons
  2 worker ant zombies
  7 adders
  A gnoll (D:1)
  A shadow imp (D:5)
  3 oozes
  An adder skeleton (D:5)
  2 adder zombies (D:9)
  4 worms
  3 giant geckos
  50 orcs
  A ball python (D:1)
  7 giant cockroaches
  8 hobgoblins
  6 jackals
  19 kobolds
  9 quokkas
  8 bats
  4 giant newts
  11 goblins
  4 rats
239 creatures vanquished.

Vanquished Creatures (others)
  An orc (D:9)
  A kobold (D:8)
2 creatures vanquished.

Grand Total: 241 creatures vanquished

Notes
Turn   | Place    | Note
--------------------------------------------------------------
     0 | D:1      | gorblad the Gargoyle Fighter began the quest for the Orb.
     0 | D:1      | Reached XP level 1. HP: 14/14 MP: 1/1
    19 | D:1      | Reached XP level 2. HP: 13/19 MP: 2/2
   178 | D:1      | Reached XP level 3. HP: 22/24 MP: 3/3
   539 | D:2      | Reached skill level 1 in Dodging
   720 | D:2      | Noticed Terence
   732 | D:2      | Reached XP level 4. HP: 29/29 MP: 4/4
   755 | D:2      | Killed Terence
   852 | D:2      | Reached skill level 4 in Shields
  1311 | D:3      | Reached XP level 5. HP: 31/33 MP: 5/5
  1424 | D:3      | Found a snail-covered altar of Cheibriados.
  1453 | D:3      | Found a glowing golden altar of the Shining One.
  1534 | D:3      | Reached XP level 6. HP: 30/39 MP: 6/6
  2073 | D:4      | Found Quaciu's Distillery.
  2093 | D:4      | Found Idufaadd's Magic Scroll Boutique.
  2188 | D:4      | Noticed Denapoli's ghost (amateur MiFi)
  2225 | D:4      | Killed Denapoli's ghost
  2225 | D:4      | Reached skill level 5 in Fighting
  2225 | D:4      | Reached skill level 5 in Shields
  2225 | D:4      | Reached XP level 7. HP: 15/44 MP: 7/7
  2548 | D:4      | Found Waqih's Book Emporium.
  2638 | D:4      | Noticed Blork the orc
  2657 | D:4      | Killed Blork the orc
  2778 | D:4      | Reached skill level 6 in Shields
  3269 | D:5      | Entered Level 5 of the Dungeon
  3368 | D:5      | Reached skill level 5 in Armour
  3376 | D:5      | Reached XP level 8. HP: 46/50 MP: 8/8
  3557 | D:5      | Noticed dvd's ghost (novice NaIE)
  3593 | D:5      | Killed dvd's ghost
  3593 | D:5      | Reached skill level 5 in Maces & Flails
  3593 | D:5      | Reached skill level 7 in Shields
  3976 | D:5      | Found a bloodstained altar of Trog.
  4092 | D:6      | Found an opulent altar of Gozag.
  4232 | D:6      | Got a shimmering garnet amulet
  4382 | D:6      | Reached XP level 9. HP: 29/56 MP: 9/9
  4389 | D:6      | HP: 2/56 [orc priest/divine providence (9)]
  4912 | D:6      | Reached skill level 8 in Shields
  5058 | D:7      | Found a stormy altar of Qazlal.
  5273 | D:7      | Found an opulent altar of Gozag.
  5274 | D:7      | Found a glowing silver altar of Zin.
  5557 | D:7      | Found a staircase to the Ecumenical Temple.
  5563 | Temple   | Entered the Ecumenical Temple
  5815 | Temple   | Became a worshipper of Warmaster Okawaru
  6405 | D:7      | Identified the amulet "Kelizoba" {rPois rC+ Regen+ Int-3} (You found it on level 6 of the Dungeon)
  6681 | D:8      | Found a shadowy altar of Dithmenos.
  6755 | D:8      | Reached * piety under Okawaru
  6794 | D:8      | Reached skill level 9 in Shields
  7301 | D:9      | Reached XP level 10. HP: 63/63 MP: 10/10
  7490 | D:9      | Found a white marble altar of Elyvilon.
  7537 | D:9      | Found a roughly hewn altar of Beogh.
  7956 | D:9      | Reached ** piety under Okawaru
  8030 | D:9      | Found a bloodstained altar of Trog.
  8037 | D:9      | Found a burning altar of Makhleb.
  8383 | D:10     | Entered Level 10 of the Dungeon
  8427 | D:10     | Reached skill level 10 in Shields
  8485 | D:10     | Reached skill level 1 in Stealth
  9536 | D:11     | Noticed Erolcha
  9563 | D:11     | Killed Erolcha
  9563 | D:11     | Reached *** piety under Okawaru
  9612 | D:11     | Noticed a red ugly thing
  9632 | D:11     | Slain by a red ugly thing

Action                   |  1- 3 |  4- 6 |  7- 9 | 10-12 || total
-------------------------+-------+-------+-------+-------++-------
Melee: Flail             |   143 |   229 |   528 |   329 ||  1229
  Use: Scroll            |     1 |     4 |    10 |     1 ||    16
       Potion            |       |       |     1 |     7 ||     8
  Eat: Chunk             |       |     1 |    12 |     6 ||    19
       Bread ration      |       |     1 |       |     2 ||     3
       Meat ration       |       |       |     1 |       ||     1
       Fruit             |       |       |       |     4 ||     4
